 Dungeon Crawl Stone Soup version 0.29.0-13-gc9e81de378 (webtiles) character file.

Game seed: 6489756225150858629

108843 robertstho the Eclecticist (level 17, 0/127 HPs)
             Began as a Djinni Fire Elementalist on Sept 7, 2022.
             Was the Champion of Makhleb.
             Slain by a caustic shrike simulacrum (10 damage)
             ... in an ice cave.
             The game lasted 00:59:50 (27840 turns).

robertstho the Eclecticist (DjFE)                  Turns: 27840, Time: 00:59:51

Health: 0/127      AC: 16    Str:  7    XL:     17   Next: 5%
Gold:   1370       EV: 14    Int: 28    God:    Makhleb [******] SH:  9 Dex: 16

rFire   + + +      SeeInvis +   q - staff of fire
rCold   + + .      Faith    .   p - +0 buckler
rNeg    . . .      Spirit   .   C - +4 skin of Zhor {*Englaciate rC+++ SInv}
rPois   ∞          Reflect  +   N - +3 hat of Pondering {ponderous, Will+ MP+10 Int+5}
rElec   .          Harm     .   w - +1 cloak {rCorr}
rCorr   +          Rampage  .   j - +0 pair of gloves {hurl}
Will    ++...                   (boots unavailable)
Stlth   +++.......              f - amulet of reflection
HPRegen 0.31/turn               n - ring of resist corrosion
MPRegen 0.00/turn               Q - +4 ring of protection

@: flying, studying Fighting, slow
A: sickness immunity, fire resistance 2, cold vulnerability 1, float, innate
caster, HP casting, extra vitality 1
a: Renounce Religion, Minor Destruction, Lesser Servant of Makhleb, Major
Destruction, Greater Servant of Makhleb


You were in an ice cave.
You worshipped Makhleb.
Makhleb was exalted by your worship.
You visited 4 branches of the dungeon, and saw 23 of its levels.
You also visited: Bailey and Ice Cave.

You collected 2774 gold pieces.
You spent 1404 gold pieces at shops.

Inventory:

Hand Weapons
 m - a +1 dagger of protection
 M - a +0 scimitar of flaming
Armour
 j - a +0 pair of gloves of hurling (worn)
 p - a +0 buckler (worn)
 w - a +1 cloak of preservation (worn)
 x - the +5 scale mail "Wone" {+Inv rF- Str+4}
   (You bought it in a shop on level 2 of the Orcish Mines)

   Str:       It affects your strength (+4).
   rF:        It makes you vulnerable to fire.
   +Inv:      It lets you turn invisible.
 C - the +4 skin of Zhor (worn) {*Englaciate rC+++ SInv}
   (You acquired it on level 6 of the Dungeon)

   It radiates cold, occasionally slowing all nearby creatures who are not
   resistant to cold.
   rC:        It renders you almost immune to cold.
   SInv:      It lets you see invisible.
 N - the +3 hat of Pondering (worn) {ponderous, Will+ MP+10 Int+5}
   (You took it off Gastronok on level 1 of the Lair of Beasts)

   Int:       It affects your intelligence (+5).
   MP:        It affects your magic capacity (+10).
   Will:      It increases your willpower.
Magical Staves
 q - a staff of fire (weapon)
Jewellery
 f - an amulet of reflection (around neck)
 k - a ring of ice
 n - a ring of resist corrosion (left hand)
 A - an amulet of regeneration
 D - a ring of wizardry
 G - a ring of fire
 H - a +6 ring of intelligence
 K - a +4 ring of slaying
 Q - a +4 ring of protection (right hand)
Wands
 s - a wand of light (33)
 v - a wand of roots (12)
 E - a wand of mindburst (30)
 F - a wand of digging (7)
 R - a wand of charming (21)
 S - a wand of flame (12)
Scrolls
 a - 2 scrolls of enchant armour
 h - 10 scrolls of teleportation
 o - 2 scrolls of silence
 r - 3 scrolls of poison
 y - 3 scrolls of immolation
 z - a scroll of fear
 I - 4 scrolls of vulnerability
 J - 3 scrolls of fog
 O - 2 scrolls of magic mapping
 P - 2 scrolls of enchant weapon
 T - 2 scrolls of identify
Potions
 b - 2 potions of might
 c - 3 potions of attraction {unknown}
 d - 6 potions of curing
 e - 2 potions of resistance {unknown}
 g - 7 potions of haste
 i - a potion of magic {unknown}
 l - a potion of lignification {unknown}
 t - 4 potions of ambrosia {unknown}
 u - 3 potions of degeneration {unknown}
 L - 3 potions of mutation
 U - a potion of invisibility
Miscellaneous
 B - a tin of tremorstones (2/2)


   Skills:
 * Level 13.4 Fighting
 + Level 0.3 Staves
 + Level 5.6 Dodging
 + Level 4.0 Stealth
 + Level 1.8 Shields
 * Level 19.3 Spellcasting
 * Level 9.5 Invocations


You had 9 spell levels left.
You knew the following spells:

 Your Spells              Type           Power      Damage    Failure   Level
a - Foxfire               Conj/Fire      100%       2x1d9     0%          1
b - Scorch                Fire           100%       2d10      0%          2
c - Conjure Flame         Conj/Fire      100%       6-21      0%          3
d - Inner Flame           Hex/Fire       100%       N/A       0%          3
e - Flame Wave            Conj/Fire      100%       2d21      0%          4
f - Slow                  Hex            100%       N/A       0%          1
g - Call Imp              Summ           94%        N/A       0%          2
h - Summon Guardian Gole  Hex/Summ       94%        N/A       0%          3
i - Summon Lightning Spi  Summ/Air       94%        N/A       0%          4
j - Blade Hands           Tmut           47%        N/A       1%          5
k - Iskenderun's Battles  Conj           94%        2d14      1%          5
l - Dispersal             Tloc           47%        N/A       1%          6
m - Death Channel         Necr           47%        N/A       1%          6
Your spell library was empty.

Dungeon Overview and Level Annotations

Branches:
Dungeon (15/15)            Temple (0/1) D:5            Lair (5/5) D:9
  Swamp (0/4) Lair:2       Spider (0/4) Lair:3        Slime (0/5) Lair:4
    Orc (2/2) D:11            Elf (1/3) Orc:2        Vaults (0/5) D:14
 Depths (0/4) D:15         Bailey (visited)           IceCv (1/1)

Altars:
Elyvilon
Fedhas
Makhleb
Nemelex Xobeh
Qazlal
Uskayaw
Wu Jian
Xom
Yredelemnul
Zin
Jiyva

Shops:
D:4 :   D:5 *   D:14 *   Orc:2 *[=(*

Annotations:
D:5 2 transporters
D:7 2 runed translucent doors
Orc:1 2 transporters, Ullipcorian's ghost, adept MfGl


Innate Abilities, Weirdness & Mutations

You are immune to sickness and miasma.
You are immune to poison.
Your flesh is very heat resistant. (rF++)
You are vulnerable to cold. (rC-)
You float through the air rather than walking.
You learn spells naturally, not from books.
Your magical power is your life essence.
You have superior vitality. (+4 MHP)


Message History

Press: ? - help, Q - select action, (/) - cycle Dir - look around, f - activate You feel a surge of power!
You conjure some foxfire!
* * * LOW HITPOINT WARNING * * *
The harpy simulacrum claws your lightning spire.
The harpy simulacrum freezes your lightning spire.
Your lightning spire resists.
The harpy simulacrum claws your lightning spire.
The harpy simulacrum freezes your lightning spire.
Your lightning spire resists.
Your lightning spire shoots out a bolt of lightning at the harpy simulacrum!
The bolt of electricity hits the harpy simulacrum!
The harpy simulacrum claws your lightning spire.
Your lightning spire is destroyed!
Your lightning spire disappears in a puff of smoke!
Casting: Foxfire (safe; 0% risk of failure)
Press: ? - help, Q - select action, (/) - cycle Dir - look around, f - activate You feel a surge of power!
You conjure some foxfire!
* * * LOW HITPOINT WARNING * * *
The foxfire hits the caustic shrike simulacrum!
The caustic shrike simulacrum melts!
The caustic shrike simulacrum is heavily damaged.
The foxfire hits the caustic shrike simulacrum!
The caustic shrike simulacrum melts!
The caustic shrike simulacrum is severely damaged.
The caustic shrike simulacrum claws you but does no damage.
You feel better.
The foxfire hits the caustic shrike simulacrum!
The caustic shrike simulacrum melts!
The caustic shrike simulacrum is almost destroyed.
The foxfire hits the caustic shrike simulacrum.
The caustic shrike simulacrum is almost destroyed.
The caustic shrike simulacrum claws you!
* * * LOW HITPOINT WARNING * * *
The caustic shrike simulacrum freezes you!
You resist.
* * * LOW HITPOINT WARNING * * *
The harpy simulacrum claws you but does no damage.
You block the harpy simulacrum's attack.
The caustic shrike simulacrum claws you!
You die...

#######
##.....# .
##......#
...Z#..Z.§..#
...ZZ..Z@§∩.#
....#..Z.§..#
. ##......#
##.....#
#######


You could see an alligator simulacrum, a dire elephant simulacrum, a lindwurm
simulacrum, a harpy simulacrum and 2 caustic shrike simulacra.

Vanquished Creatures
  A deep elf sorcerer (Elf:1)
  Snorg (Orc:1)
  2 vault guards (D:14)
  A rakshasa (D:15)
  2 boulder beetles
  6 two-headed ogres
  Erica (D:9)
  5 hydras
  A catoblepas (D:14)
  2 ogre magi
  2 dancing weapons (Elf:1)
  5 centaur warriors
  A tengu warrior (D:14)
  3 orc high priests (Orc:2)
  3 skeletal warriors (D:13)
  A flayed ghost (D:12)
  An orc knight (D:15)
  2 deep elf zephyrmancers (Elf:1)
  4 deep elf pyromancers (Elf:1)
  2 deep elf archers (Elf:1)
  13 ugly things
  4 orc sorcerers (Orc:2)
  An oklob plant (Lair:1)
  A wolf spider (Lair:5)
  3 manticores
  14 slime creatures
  2 cyclopes
  11 elephants
  Maurice (D:9)
  6 black mambas
  A guardian serpent (Lair:5)
  A gargoyle (D:12)
  10 cane toads
  4 unseen horrors
  A kobold demonologist (D:12)
  3 yaktaurs (D:15)
  A tengu conjurer (Elf:1)
  6 komodo dragons
  2 freezing wraiths (D:15)
  4 trolls
  Grinder (D:4)
  2 polar bears (D:15)
  2 hornets (Lair:5)
  10 blink frogs (Lair:1)
  A hornet (shapeshifter) (D:13)
  A dream sheep (Lair:5)
  A jumping spider (Lair:3)
  A shadow (D:10)
  An air elemental (Elf:1)
  4 basilisks
  3 water elementals
  26 yaks
  A centaur simulacrum (D:14)
  9 wraiths
  9 wyverns
  4 vampire mosquitoes (D:11)
  Menkaure (D:5)
  Edmund (D:5)
  4 steam dragons
  2 redbacks
  2 acid dragons
  13 water moccasins
  2 ice beasts
  29 orc warriors
  2 sky beasts (D:7)
  7 black bears
  A boggart (Elf:1)
  7 wolves (Lair:2)
  6 centaurs
  9 ogres
  3 kobold brigands
  2 phantoms (D:7)
  16 bullfrogs
  A necrophage (D:5)
  3 scorpions (D:4)
  16 killer bees
  5 electric eels
  11 howler monkeys
  6 hounds
  3 gnoll boudas
  A jelly (D:7)
  17 orc priests
  Jessica (D:3)
  An iguana (D:5)
  23 orc wizards
  2 hell rats (Lair:2)
  A boggart simulacrum (D:15)
  3 hound skeletons (D:3)
  Robin (D:2)
  24 gnolls
  7 adders
  A river rat (Lair:2)
  A shadow imp (D:3)
  3 white imps (D:15)
  6 ufetubi
  An adder zombie (D:3)
  An adder skeleton (D:3)
  4 worms
  111 orcs
  5 ball pythons
  7 bats
  5 endoplasms
  2 giant cockroaches (D:4)
  14 goblins
  9 hobgoblins
  11 jackals
  4 quokkas
  2 frilled lizards (D:1)
  22 kobolds
  10 rats
  A butterfly (Lair:4)
664 creatures vanquished.

Vanquished Creatures (collateral kills)
  Gastronok (Lair:1)
  An orc warlord (Orc:2)
  Nessos (D:13)
  The ghost of Anyutwal the Cleaver, a journeyman HOFi of Beogh (D:12)
  Josephine (D:13)
  2 hydras
  A rakshasa (D:13)
  2 vault guards (D:14)
  A catoblepas (Lair:5)
  2 death knights (D:15)
  2 two-headed ogres
  An orc high priest (Orc:2)
  2 skeletal warriors (D:13)
  A wizard (Elf:1)
  4 orc knights (Orc:2)
  2 lindwurms (Lair:5)
  2 deep elf pyromancers (Elf:1)
  A cyclops (D:13)
  7 ugly things
  3 elephants
  4 black mambas
  A cane toad (Lair:5)
  A gargoyle (D:13)
  A torpor snail (Lair:4)
  A rime drake (Lair:4)
  3 komodo dragons
  A yaktaur (D:15)
  An anaconda simulacrum (IceCv)
  A polar bear (Lair:3)
  A hornet (Lair:5)
  5 dream sheep (Lair:5)
  4 wyverns (Lair:5)
  18 yaks
  2 wraiths (D:13)
  A fire elemental (Elf:1)
  A harpy simulacrum (IceCv)
  3 vampire mosquitoes
  8 water moccasins
  7 orc warriors
  A black bear (Lair:4)
  2 ogres
  3 wolves (Lair:2)
  4 kobold brigands (Bailey)
  2 bullfrogs
  A scorpion (Lair:1)
  2 howler monkeys (D:9)
  5 orc priests
  3 orc wizards
  2 hell rats (Lair:2)
  2 river rats (Lair:2)
  6 orcs
  3 kobolds (Bailey)
  A rat (Lair:2)
  39 foxfires
178 creatures vanquished.

Vanquished Creatures (others)
  A butterfly (D:4)
  2215 foxfires
  78 fungi
  105 plants
2399 creatures vanquished.

Grand Total: 3241 creatures vanquished

Notes
Turn   | Place    | Note
-------+----------+-------------------------------------------
     0 | D:1      | robertstho the Djinni Fire Elementalist began the quest for
                  | the Orb.
     0 | D:1      | robertstho set off with the following spells memorised:
                  | Foxfire, Scorch, Conjure Flame, Inner Flame, Flame Wave.
     0 | D:1      | Reached XP level 1. HP: 15/15 MP: 0/0
   388 | D:1      | Reached XP level 2. HP: 8/21 MP: 0/0
  1187 | D:1      | Reached skill level 3 in Spellcasting
  1420 | D:1      | Found a faded altar of an unknown god.
  1492 | D:2      | Reached XP level 3. HP: 20/25 MP: 0/0
  1492 | D:2      | Learned a level 1 spell: Slow
  1754 | D:2      | Noticed Robin
  1761 | D:2      | Killed Robin
  1766 | D:2      | Reached XP level 4. HP: 16/31 MP: 0/0
  2185 | D:2      | Reached skill level 1 in Fighting
  3168 | D:3      | Reached skill level 4 in Spellcasting
  3168 | D:3      | Reached XP level 5. HP: 19/37 MP: 0/0
  3168 | D:3      | Learned a level 2 spell: Call Imp
  3383 | D:3      | Noticed Jessica
  3386 | D:3      | Killed Jessica
  3856 | D:3      | Found a hide-covered altar of Uskayaw.
  4298 | D:4      | Reached XP level 6. HP: 38/42 MP: 0/0
  4376 | D:4      | Noticed an ogre
  4385 | D:4      | Killed an ogre
  4386 | D:4      | Reached skill level 5 in Spellcasting
  4462 | D:4      | Found a white marble altar of Elyvilon.
  4462 | D:4      | Noticed Grinder
  4466 | D:4      | Killed Grinder
  4467 | D:4      | Reached XP level 7. HP: 30/49 MP: 0/0
  4467 | D:4      | Learned a level 3 spell: Summon Guardian Golem
  4499 | D:4      | Reached skill level 6 in Spellcasting
  4745 | D:4      | Found Orusadiu's Book Shop.
  4820 | D:4      | Reached XP level 8. HP: 51/55 MP: 0/0
  4890 | D:4      | Found a burning altar of Makhleb.
  5585 | D:4      | Became a worshipper of Makhleb the Destroyer
  5766 | D:5      | Entered Level 5 of the Dungeon
  5766 | D:5      | Found a transporter.
  5817 | D:5      | Found a transporter.
  5826 | D:5      | Found Zin's Purification Station.
  5826 | D:5      | Found a glowing silver altar of Zin.
  5892 | D:5      | Reached skill level 7 in Spellcasting
  6134 | D:5      | Found a staircase to the Ecumenical Temple.
  6302 | D:5      | Noticed Edmund
  6314 | D:5      | Killed Edmund
  6315 | D:5      | Reached skill level 1 in Invocations
  6430 | D:5      | Noticed Menkaure
  6437 | D:5      | Killed Menkaure
  6438 | D:5      | Reached XP level 9. HP: 53/61 MP: 0/0
  6438 | D:5      | Learned a level 4 spell: Summon Lightning Spire
  6599 | D:5      | Reached skill level 8 in Spellcasting
  6646 | D:5      | Reached * piety under Makhleb
  8194 | D:6      | Identified 2 scrolls of acquirement
  8197 | D:6      | Acquired the +4 skin of Zhor {*Englaciate rC+++ SInv}
  8197 | D:6      | Found the +4 skin of Zhor {*Englaciate rC+++ SInv}
  8208 | D:6      | Acquired a manual of Fighting
  8358 | D:7      | Reached skill level 9 in Spellcasting
  8716 | D:7      | Found a flagged portal.
  8727 | Bailey   | Entered a bailey
  8788 | Bailey   | Reached ** piety under Makhleb
  8789 | Bailey   | Reached XP level 10. HP: 49/68 MP: 0/0
  9071 | Bailey   | Found a bloodstained altar of Trog.
  9181 | D:7      | Reached skill level 10 in Spellcasting
  9438 | D:7      | Found a sparkling altar of Nemelex Xobeh.
  9471 | D:7      | Found an ornate altar of the Wu Jian Council.
  9528 | D:7      | Found a large runed translucent door.
  9528 | D:7      | Found a large runed translucent door.
  9529 | D:7      | Noticed a two-headed ogre
  9537 | D:7      | Found a large runed translucent door.
  9537 | D:7      | Found a large runed translucent door.
  9566 | D:7      | Reached skill level 5 in Fighting
  9568 | D:7      | Killed a two-headed ogre
  9582 | D:7      | Noticed a komodo dragon
  9589 | D:7      | Killed a komodo dragon
  9894 | D:7      | Found a shimmering altar of Xom.
 10561 | D:8      | Reached skill level 11 in Spellcasting
 10640 | D:8      | Noticed a two-headed ogre
 10643 | D:8      | Noticed an unseen horror
 10644 | D:8      | Reached XP level 11. HP: 52/76 MP: 0/0
 10644 | D:8      | Learned a level 5 spell: Blade Hands
 10647 | D:8      | Killed a two-headed ogre
 11029 | D:8      | Found a blossoming altar of Fedhas.
 11266 | D:8      | Found a basalt altar of Yredelemnul.
 11555 | D:9      | Found a stormy altar of Qazlal.
 11670 | D:9      | Noticed Erica
 11682 | D:9      | Killed Erica
 11683 | D:9      | Reached skill level 12 in Spellcasting
 11689 | D:9      | Reached *** piety under Makhleb
 11900 | D:9      | Found a staircase to the Lair.
 12021 | D:9      | Noticed Maurice
 12033 | D:9      | Killed Maurice
 12230 | Lair:1   | Entered Level 1 of the Lair of Beasts
 12268 | Lair:1   | Reached **** piety under Makhleb
 12272 | Lair:1   | Reached XP level 12. HP: 77/85 MP: 0/0
 12401 | Lair:1   | Noticed Gastronok
 12416 | Lair:1   | Killed Gastronok
 12487 | Lair:1   | Reached skill level 13 in Spellcasting
 12487 | Lair:1   | Reached skill level 5 in Invocations
 12798 | Lair:1   | Noticed a seven-headed hydra
 12808 | Lair:1   | Killed a seven-headed hydra
 12942 | Lair:1   | Found a basalt altar of Yredelemnul.
 13086 | Lair:2   | Noticed a five-headed hydra
 13336 | Lair:2   | Reached skill level 14 in Spellcasting
 13435 | Lair:2   | Killed a five-headed hydra
 13436 | Lair:2   | Reached XP level 13. HP: 91/93 MP: 0/0
 13436 | Lair:2   | Learned a level 5 spell: Iskenderun's Battlesphere
 13533 | Lair:2   | Found a staircase to the Swamp.
 13970 | Lair:3   | Reached ***** piety under Makhleb
 14118 | Lair:3   | Found a hole to the Spider Nest.
 15114 | Lair:4   | Found a staircase to the Slime Pits.
 15126 | Lair:4   | Found a viscous altar of Jiyva.
 15550 | Lair:4   | Reached skill level 15 in Spellcasting
 15859 | Lair:5   | Entered Level 5 of the Lair of Beasts
 15871 | Lair:5   | Noticed a catoblepas
 15895 | Lair:5   | Killed a catoblepas
 15912 | Lair:5   | Reached skill level 10 in Fighting
 15994 | Lair:5   | Reached XP level 14. HP: 63/103 MP: 0/0
 16333 | Lair:5   | Reached skill level 16 in Spellcasting
 16732 | Lair:5   | Reached ****** piety under Makhleb
 16941 | D:10     | Entered Level 10 of the Dungeon
 17525 | D:11     | Found a staircase to the Orcish Mines.
 18255 | Orc:1    | Entered Level 1 of the Orcish Mines
 18379 | Orc:1    | Noticed Ullipcorian's ghost (adept MfGl)
 18436 | Orc:1    | Found a transporter.
 18438 | Orc:1    | Found a transporter.
 18440 | Orc:1    | Noticed Snorg
 18453 | Orc:1    | Killed Snorg
 18454 | Orc:1    | Reached XP level 15. HP: 77/111 MP: 0/0
 18454 | Orc:1    | Learned a level 6 spell: Dispersal
 18673 | Orc:2    | Entered Level 2 of the Orcish Mines
 18673 | Orc:2    | Found a staircase to the Elven Halls.
 18981 | Orc:2    | Found Anarauc's General Store.
 18988 | Orc:2    | Bought a potion of curing for 48 gold pieces
 18988 | Orc:2    | Bought a scroll of identify for 32 gold pieces
 18988 | Orc:2    | Bought a potion of heal wounds for 80 gold pieces
 18988 | Orc:2    | Bought a scroll of identify for 32 gold pieces
 18988 | Orc:2    | Bought a potion of curing for 48 gold pieces
 19203 | Orc:2    | Reached skill level 17 in Spellcasting
 19238 | Orc:2    | Noticed an orc warlord
 19399 | Orc:2    | Killed an orc warlord
 19400 | Orc:2    | Reached skill level 5 in Dodging
 19764 | Orc:2    | Found Qeok's Antique Armour Boutique.
 19765 | Orc:2    | Found Celoe's Antique Weapon Shop.
 19767 | Orc:2    | Found Unoefif's General Store.
 19767 | Orc:2    | Found Ytyfuorit's Jewellery Boutique.
 19772 | Orc:2    | Bought a scroll of identify for 26 gold pieces
 19772 | Orc:2    | Bought a wand of digging (7) for 382 gold pieces
 19775 | Orc:2    | Bought an amulet of reflection for 450 gold pieces
 19794 | Orc:2    | Bought a blackened scale mail for 306 gold pieces
 19794 | Orc:2    | Identified the +5 scale mail "Wone" {+Inv rF- Str+4} (You
                  | bought it in a shop on level 2 of the Orcish Mines)
 20040 | D:12     | Found a runed translucent door.
 20041 | D:12     | Noticed Anyutwal's ghost (journeyman HOFi)
 22011 | Elf:1    | Entered Level 1 of the Elven Halls
 22506 | Elf:1    | Reached skill level 18 in Spellcasting
 22554 | Elf:1    | Noticed a deep elf sorcerer
 22565 | Elf:1    | Killed a deep elf sorcerer
 23336 | Elf:1    | Reached XP level 16. HP: 113/120 MP: 0/0
 23389 | Elf:1    | Paralysed by an air elemental for 1 turns
 23393 | Elf:1    | Paralysed by an air elemental for 1 turns
 24016 | D:12     | Killed Anyutwal's ghost
 24122 | D:13     | Noticed Nessos
 24131 | D:13     | Killed Nessos
 24209 | D:13     | Noticed Josephine
 24666 | D:13     | Killed Josephine
 25048 | D:13     | Reached skill level 1 in Shields
 25398 | D:14     | Found Habituda's General Store.
 26730 | D:14     | Found a gate to the Vaults.
 27226 | D:15     | Entered Level 15 of the Dungeon
 27515 | D:15     | Reached skill level 19 in Spellcasting
 27795 | D:15     | Reached XP level 17. HP: 77/127 MP: 0/0
 27795 | D:15     | Learned a level 6 spell: Death Channel
 27805 | D:15     | Found a frozen archway.
 27825 | D:15     | Identified the +8 battleaxe of Earthquakes {drain, Fly
                  | Stlth+}
 27832 | IceCv    | Entered an ice cave
 27840 | IceCv    | Slain by a caustic shrike simulacrum

Illustrated notes

Levels and vault maps discovered:
D:1:      shiori_shiawase, layout_rooms, shapermc_ecumenical_altar_hornbeckon
D:2:      layout_basic, uniq_robin
D:3:      kennysheep_big_flooded_room, layout_loops_corners,
          mainiacjoe_overflow_24_doors, serial_undead, serial_undead_d,
          serial_undead_c, serial_undead_a, serial_undead_d, serial_undead_a,
          serial_undead_d, serial_undead_b, nrook_mini_backslash,
          hangedman_feature_mirror, uniq_jessica
D:4:      layout_loops_ring, mainiacjoe_overflow_catwalk,
          nicolae_elyvilon_peaceful_grove, serial_shops, shop, uniq_grinder
D:5:      gammafunk_steamed_eel, layout_rooms, zin_purify,
          minmay_temple_entry_offerings, roderic_lattice_a, minmay_pentangle,
          uniq_edmund, uniq_menkaure
D:6:      layout_rooms
D:7:      layout_layer_cave, nicolae_overflow_hidden_temple, lemuel_round_altar,
          general_overflow_altar, enter_bailey_8, minmay_hollow_rounded_squares
D:8:      layout_basic, kennysheep_mini_moat,
          mainiacjoe_overflow_small_starburst, minivault_22, minmay_manual_mail
D:9:      layout_roguey, lemuel_doored_altar, due_lair_maze_entry_diamond,
          uniq_erica, uniq_maurice
D:10:     layout_rooms, special_room [special_room_orc], minivault_19
D:11:     layout_gridville, david_orc_2
D:12:     layout_basic, ebering_ghost_inner_flame
D:13:     layout_cave_pools, uniq_josephine, uniq_nessos
D:14:     layout_grid_maze, lightli_vaults_fourway_checkpoint,
          minmay_crystal_water, serial_shops, shop
D:15:     grunt_enter_depths_snipers, layout_basic, serial_shops, shop,
          serial_ice, serial_ice_b, serial_ice_l, serial_ice_f, serial_ice_e,
          portal_ice_cave_entry_ugly_swarm, nicolae_wu_jian_immortal_techniques,
          uniq_roxanne
Lair:1:   layout_regular_city, gauntlet_entry_generic, lemuel_oklob_altar,
          lemuel_fruit_tree, uniq_gastronok
Lair:2:   layout_regular_city, swamp_mist, serial_bayou_pond_e,
          kennysheep_abandoned_house
Lair:3:   layout_layer_cave, spider_nest_entry_a
Lair:4:   layout_long_grid, slime_entry_1, minivault_23, st_stairs_13,
          patterned_corridor, grunt_megastairs_1, lemuel_fruit_fields
Lair:5:   hangedman_lair_tendril_chambers, layout_misc_corridors,
          nicolae_lair_lindhole, serial_bayou_shore_b
Orc:1:    layout_diamond_mine, gammafunk_ghost_arena, uniq_snorg
Orc:2:    st_orc_congregation, layout_diamond_mine, serial_shops,
          nicolae_shop_waterfront
Elf:1:    nicolae_elf_arrival_fired_up, layout_geoelf_diagonals, basic_altar,
          hangedman_elf_disciples
IceCv:    ice_cave_statue_garden_chambered

Skill      XL: |  1  2  3  4  5  6  7  8  9 10 11 12 13 14 15 16 |
---------------+-------------------------------------------------+-----
Spellcasting   | 3 4 5 6 7 9 11 12 14 15 16 18 19 | 19.3
Fighting       | 1 2 3 4 5 7 8 10 11 12 13 | 13.4
Stealth        | 2 3 4 |  4.0
Invocations    | 1 2 3 4 5 6 7 8 9 |  9.5
Dodging        | 3 4 5 |  5.6
Shields        | 1 |  1.8
Staves         | |  0.3

Action                   |  1- 3 |  4- 6 |  7- 9 | 10-12 | 13-15 | 16-18 || total
-------------------------+-------+-------+-------+-------+-------+-------++-------
Melee: Staff             |       |     4 |    11 |     7 |    21 |       ||    43
 Cast: Foxfire           |    72 |    16 |   110 |   161 |   582 |   330 ||  1271
       Scorch            |     1 |    52 |   105 |    93 |   269 |    79 ||   599
       Flame Wave        |       |     1 |     6 |    27 |    62 |     9 ||   105
       Conjure Flame     |       |       |     3 |       |       |       ||     3
       Summon Lightning  |       |       |     1 |    21 |    56 |    25 ||   103
       Iskenderun's Batt |       |       |       |       |     4 |    24 ||    28
       Dispersal         |       |       |       |       |     6 |     5 ||    11
       Summon Guardian G |       |       |       |       |     1 |       ||     1
       Slow              |       |       |       |       |       |     1 ||     1
Evoke: Tin of tremorston |       |       |       |       |     2 |       ||     2
       Wand              |       |       |       |       |     1 |       ||     1
  Use: Scroll            |       |     5 |    10 |     3 |    14 |     7 ||    39
       Potion            |       |     1 |       |     3 |    11 |     4 ||    19
 Stab: Sleeping          |       |       |     1 |       |       |       ||     1
       Distracted        |       |       |       |     1 |       |       ||     1
Armor: Robe              |     1 |     6 |     9 |       |       |       ||    16
       Animal skin       |       |       |     2 |    35 |   110 |    46 ||   193
Dodge: Dodged            |     4 |    26 |    25 |    62 |   168 |    82 ||   367
Block: Buckler           |       |     4 |    12 |    10 |    56 |    68 ||   150
       Reflection        |       |       |       |       |     3 |     9 ||    12
